 Dungeon Crawl Stone Soup version 0.27-a0-67-g4bfc8a49e1 (webtiles) character file.

Game seed: 12149861960459860391

19022 Borgoz the Grappler (level 12, -8/106 HPs)
             Began as a Ghoul Gladiator on Jan 9, 2021.
             Was a High Priest of Makhleb.
             Mangled by Frances
             ... wielding a +1 vorpal hand axe
              (14 damage)
             ... on level 12 of the Dungeon.
             The game lasted 00:23:52 (14436 turns).

Borgoz the Grappler (Ghoul Gladiator)              Turns: 14436, Time: 00:23:52

Health: -8/106     AC: 10    Str: 19    XL:     12   Next: 64%
Magic:  0/14       EV: 19    Int:  5    God:    Makhleb [*****.]
Gold:   448        SH:  0    Dex: 14    Spells: 12/15 levels left

rFire    . . .     SeeInvis .     - Unarmed
rCold    + . .     Faith    .   (no shield)
rNeg     + + +     Spirit   +   t - +1 leather armour "Zuejapli" {Rampage rPois Int+2 Stlth-}
rPois    ∞         Reflect  .   (no helmet)
rElec    .         Harm     .   e - +1 cloak
rCorr    .         Rampage  +   (no gloves)
Will     +....                  (no boots)
Stlth    ..........             i - amulet of guardian spirit
HPRegen  0.00/turn              f - +4 ring of protection
MPRegen  0.14/turn              q - ring of willpower

@: mighty, very slightly contaminated, invisible
A: claws 1, cold resistance 1, negative energy resistance 3, inhibited
regeneration, torment resistance, unbreathing
a: Renounce Religion, Minor Destruction, Lesser Servant of Makhleb, Major
Destruction, Greater Servant of Makhleb


You were on level 12 of the Dungeon.
You worshipped Makhleb.
Makhleb was extremely pleased with you.
You visited 2 branches of the dungeon, and saw 14 of its levels.

You collected 728 gold pieces.
You spent 280 gold pieces at shops.

Inventory:

Missiles
 c - a throwing net (quivered)
Armour
 e - a +1 cloak (worn)
 n - the +2 ratskin cloak {*Rats rPois rN+ Str-1 Int-1 Dex+1}
   (You found it on level 8 of the Dungeon)

   It affects your strength (-1).
   It affects your intelligence (-1).
   It affects your dexterity (+1).
   It protects you from poison.
   It protects you from negative energy.
 t - the +1 leather armour "Zuejapli" (worn) {Rampage rPois Int+2 Stlth-}
   (You bought it in a shop on level 4 of the Dungeon)

   It affects your intelligence (+2).
   It protects you from poison.
   It bestows one free step when moving towards enemies.
   It makes you less stealthy.
Jewellery
 f - a +4 ring of protection (left claw)
 i - an amulet of guardian spirit (around neck)
 q - a ring of willpower (right claw)
Wands
 a - a wand of paralysis (7)
 o - a wand of iceblast (32)
 s - a wand of flame (14)
 z - a wand of acid (9)
Scrolls
 b - 2 scrolls of identify
 d - 2 scrolls of remove curse
 j - 5 scrolls of blinking
 l - a scroll of enchant armour
 p - 5 scrolls of teleportation
 w - a scroll of silence
Potions
 h - 3 potions of curing
 k - a potion of resistance
 m - a potion of flight
 r - a potion of haste
 v - 2 potions of cancellation


   Skills:
 + Level 10.2 Fighting
 - Level 1.7 Throwing
 + Level 2.3 Armour
 + Level 11.7 Dodging
 + Level 13.6 Unarmed Combat
 + Level 2.1 Spellcasting
 + Level 2.2 Hexes


You had 12 spell levels left.
You knew the following spells:

 Your Spells              Type           Power        Failure   Level
a - Confusing Touch       Hex            2%           52%         3

Your spell library contained the following spells:

 Spells                   Type           Power        Failure   Level
 Corona                   Hex            2%           21%         1
 Animate Skeleton         Necr           0%           45%         1
 Apportation              Tloc           0%           45%         1
 Summon Small Mammal      Summ           0%           45%         1
 Ensorcelled Hibernation  Hex/Ice        2%           45%         2
 Tukima's Dance           Hex            2%           52%         3
 Dazzling Flash           Conj/Hex       2%           69%         3


Dungeon Overview and Level Annotations

Branches:
Dungeon (13/15)            Temple (1/1) D:5            Lair (0/6) D:11
    Orc (0/2) D:12         Vaults (0/5) D:13

Altars:
Ashenzari
Cheibriados
Dithmenos
Elyvilon
Fedhas
Gozag
Hepliaklqana
Kikubaaqudgha
Makhleb
Nemelex Xobeh
Okawaru
Qazlal
Ru
Sif Muna
Trog
Uskayaw
Vehumet
Wu Jian
Xom
Yredelemnul
Zin
The Shining One

Shops:
D:4 }*=   D:5 (   D:6 [(   D:8 (((=?   D:12 ([

Portals:
Abyss: D:8

Annotations:
D:9 1 runed translucent door
D:12 Frances


Innate Abilities, Weirdness & Mutations

You thrive by killing the living.
You are immune to poison.
You have sharp fingernails.
Your flesh is cold resistant. (rC+)
You are immune to negative energy. (rN+++)
You do not regenerate when monsters are visible.
You are immune to unholy pain and torment.
You can survive without breathing.


Message History

Frances screams a word of power!
Frances seems to speed up.
You claw Frances!
Frances is severely wounded.
Frances hits you with a +1 vorpal hand axe!
You mangle Frances!!
Frances is severely wounded.
Frances barely misses you.
You scratch Frances but do no damage. Your claw misses Frances.
Frances is severely wounded.
Frances hits you with a +1 vorpal hand axe!
* * * LOW HITPOINT WARNING * * *
x2 You feel better.
Frances hits you with a +1 vorpal hand axe.
* * * LOW HITPOINT WARNING * * *
x2 You feel better.
Frances hits you with a +1 vorpal hand axe!!
* * * LOW HITPOINT WARNING * * *
x2 Frances hits you with a +1 vorpal hand axe!
You die...

.....#.....#.[...#..........##..#
.###.#.###.#.###.#.......#..##..#
.....#.....#.....#.......##.###..
.......................###..# #..
.......................# #..# ##.
..#...###....)[........# #..####.
#....## #....[.........# #..#.#..
.....## ##.............###.......
.....=# #......@@...[............
.....## ###........(.............
..#########............#..##.....
...####.............<...[.#......
.....?..............(....#[......
#.................####(.##...)...
#.#..............### #...##[).#..
..##....∩........#.# ###.....##..
..###..............### #.....)...


You could see Frances (fast).

Vanquished Creatures
  5 vault guards
  A boulder beetle (D:12)
  A centaur warrior (D:13)
  2 two-headed ogres
  An unseen horror (D:12)
  A deep elf mage (D:12)
  A wolf spider zombie (D:13)
  An ugly thing (D:11)
  A cyclops (D:12)
  A manticore (D:12)
  A centaur zombie (D:11)
  A rust devil (D:8)
  An orange demon (D:8)
  3 trolls
  A red devil (D:8)
  A hornet (D:11)
  10 yaks (D:11)
  4 wraiths
  A steam dragon (D:9)
  Edmund (D:5)
  A water moccasin (D:10)
  Duvessa (D:7)
  10 orc warriors
  A phantom (D:10)
  A necrophage (D:10)
  2 ice beasts
  3 sky beasts
  An eye of draining (D:13)
  4 ogres
  6 centaurs
  2 big kobolds (D:12)
  6 bullfrogs
  A wyvern zombie (D:6)
  A wyvern skeleton (D:12)
  Dowan (D:7)
  6 scorpions
  4 killer bees (D:11)
  9 wights
  3 howler monkeys
  3 electric eels (D:11)
  A quasit (D:7)
  4 jellies
  2 bullfrog zombies
  An orc priest (D:3)
  11 hounds
  5 iron imps (D:8)
  2 centaur skeletons
  3 iguanas
  7 orc wizards
  3 bullfrog skeletons
  3 hell rats (D:8)
  12 worker ants
  A killer bee zombie (D:7)
  A hound zombie (D:11)
  2 worker ant zombies
  4 river rats (D:8)
  10 adders
  A shadow imp (D:5)
  4 white imps
  An ufetubus (D:8)
  3 oozes
  2 adder skeletons
  6 worms
  5 dart slugs
  3 leopard geckos
  18 orcs
  A bat zombie (D:3)
  7 giant cockroaches
  9 goblins
  4 hobgoblins
  14 jackals
  6 quokkas
  A ball python (D:3)
  9 bats
  5 frilled lizards
  14 kobolds
  2 quokka skeletons
  23 rats
  A rat zombie (D:3)
316 creatures vanquished.

Notes
Turn   | Place    | Note
-------+----------+-------------------------------------------
     0 | D:1      | Borgoz the Ghoul Gladiator began the quest for the Orb.
     0 | D:1      | Reached XP level 1. HP: 17/17 MP: 0/0
   188 | D:1      | Reached XP level 2. HP: 16/25 MP: 1/1
   864 | D:1      | Reached XP level 3. HP: 30/30 MP: 2/2
  1257 | D:2      | Reached skill level 4 in Unarmed Combat
  1447 | D:2      | Noticed a scorpion
  1465 | D:2      | Killed a scorpion
  1466 | D:2      | Reached XP level 4. HP: 26/38 MP: 3/3
  1744 | D:2      | Reached XP level 5. HP: 45/45 MP: 4/4
  1961 | D:2      | Found a burning altar of Makhleb.
  2095 | D:2      | Became a worshipper of Makhleb the Destroyer
  2182 | D:3      | Noticed a +0 dagger
  2191 | D:3      | Noticed a +0 dagger
  2196 | D:3      | Found a hide-covered altar of Uskayaw.
  2360 | D:3      | Found a hazy altar of Hepliaklqana.
  2360 | D:3      | You fall into a shaft and drop 2 floors!
  2360 | D:5      | Entered Level 5 of the Dungeon
  2367 | D:5      | Found a staircase to the Ecumenical Temple.
  2395 | Temple   | Entered the Ecumenical Temple
  2634 | D:4      | Reached skill level 5 in Unarmed Combat
  2634 | D:4      | Reached XP level 6. HP: 51/51 MP: 3/5
  2808 | D:3      | Found an ancient bone altar of Kikubaaqudgha.
  2849 | D:3      | Reached * piety under Makhleb
  3415 | D:4      | Found Xetsomob's Jewellery Shoppe.
  3501 | D:4      | Found Poom Suq's Assorted Antiques.
  3508 | D:4      | Bought a smoking leather armour for 168 gold pieces
  3518 | D:4      | Identified the +1 leather armour "Zuejapli" {Rampage rPois
                  | Int+2 Stlth-} (You bought it in a shop on level 4 of the
                  | Dungeon)
  3522 | D:4      | Found Lepohuel's Gadget Emporium.
  3731 | D:5      | Reached XP level 7. HP: 59/59 MP: 6/6
  3869 | D:5      | Reached skill level 5 in Dodging
  3961 | D:5      | Found a sparkling altar of Nemelex Xobeh.
  3974 | D:5      | Found Uhoezaa's Weapon Boutique.
  4044 | D:5      | Reached skill level 6 in Unarmed Combat
  4058 | D:5      | Noticed Edmund
  4080 | D:5      | Killed Edmund
  4553 | D:6      | Found Rales Akumu's Antique Armour Shop.
  4575 | D:6      | Reached XP level 8. HP: 65/67 MP: 7/7
  4577 | D:6      | Reached ** piety under Makhleb
  4600 | D:6      | Reached skill level 7 in Unarmed Combat
  4633 | D:6      | Found Eskel's Antique Weapon Emporium.
  4646 | D:6      | Reached skill level 5 in Fighting
  5009 | D:6      | Found a radiant altar of Vehumet.
  5088 | D:6      | Found a bloodstained altar of Trog.
  5089 | D:6      | Found an opulent altar of Gozag.
  5642 | D:7      | Noticed Duvessa
  5643 | D:7      | Noticed Dowan
  5652 | D:7      | Killed Duvessa
  5653 | D:7      | Reached skill level 8 in Unarmed Combat
  5657 | D:7      | Killed Dowan
  5660 | D:7      | Found a hazy altar of Hepliaklqana.
  5772 | D:7      | Reached XP level 9. HP: 74/75 MP: 6/8
  6146 | D:7      | Found a snail-covered altar of Cheibriados.
  6258 | D:8      | Noticed a rust devil
  6259 | D:8      | Noticed a hell beast
  6259 | D:8      | Found a one-way gate to the infinite horrors of the Abyss.
  6259 | D:8      | Noticed an orange demon
  6261 | D:8      | Noticed a red devil
  6529 | D:8      | Killed a red devil
  6724 | D:8      | Killed a rust devil
  6725 | D:8      | Reached skill level 9 in Unarmed Combat
  6727 | D:8      | Killed an orange demon
  6897 | D:8      | Found an ornate altar of the Wu Jian Council.
  7324 | D:8      | Found a shimmering blue altar of Sif Muna.
  7412 | D:8      | Found Kacix's Magic Scroll Emporium.
  7415 | D:8      | Bought a scroll of teleportation for 48 gold pieces
  7415 | D:8      | Bought a scroll of identify for 32 gold pieces
  7415 | D:8      | Bought a scroll of identify for 32 gold pieces
  7460 | D:8      | Reached *** piety under Makhleb
  7461 | D:8      | Reached skill level 10 in Unarmed Combat
  7461 | D:8      | Reached XP level 10. HP: 86/86 MP: 9/9
  7609 | D:8      | Found Huzxudei's Antique Weapon Emporium.
  7732 | D:8      | Found Boshiacs's Weapon Boutique.
  7755 | D:8      | Found Tuav's Weapon Shop.
  7866 | D:8      | Found Ycapubau's Jewellery Emporium.
  8071 | D:8      | Found the +2 ratskin cloak {*Rats rPois rN+ Str-1 Int-1
                  | Dex+1}
  8525 | D:9      | Found a basalt altar of Yredelemnul.
  8525 | D:9      | Found a shimmering altar of Xom.
  8643 | D:9      | Found a glowing silver altar of Zin.
  8644 | D:9      | Found a runed translucent door.
  8644 | D:9      | Noticed an angel
  9252 | D:10     | Entered Level 10 of the Dungeon
  9397 | D:10     | Noticed a two-headed ogre
  9950 | D:11     | Reached skill level 11 in Unarmed Combat
  9953 | D:11     | Noticed a purple ugly thing
  9963 | D:11     | Killed a purple ugly thing
  9963 | D:11     | Reached **** piety under Makhleb
 10161 | D:11     | Found a staircase to the Lair.
 10198 | D:11     | Reached XP level 11. HP: 81/95 MP: 7/10
 10203 | D:11     | Reached skill level 10 in Dodging
 11286 | D:11     | Reached skill level 12 in Unarmed Combat
 11331 | D:11     | Noticed a two-headed ogre
 11337 | D:11     | Killed a two-headed ogre
 11842 | D:12     | Noticed a deep elf mage
 11842 | D:12     | Noticed a cyclops
 11848 | D:12     | Killed a cyclops
 11870 | D:12     | Killed a deep elf mage
 11926 | D:12     | Noticed a two-headed ogre
 11938 | D:12     | Killed a two-headed ogre
 11949 | D:12     | Reached ***** piety under Makhleb
 11951 | D:12     | Noticed a manticore
 12388 | D:12     | Noticed a boulder beetle
 12415 | D:12     | Killed a boulder beetle
 12416 | D:12     | Reached skill level 13 in Unarmed Combat
 12789 | D:12     | Killed a manticore
 12790 | D:12     | Reached XP level 12. HP: 91/105 MP: 7/11
 12861 | D:12     | Found Jasetiaw's Weapon Boutique.
 12863 | D:12     | Found a staircase to the Orcish Mines.
 12865 | D:12     | Found Sitoxuaj's Armour Boutique.
 13553 | D:12     | Learned a level 3 spell: Confusing Touch
 13578 | D:13     | Noticed a centaur warrior
 13587 | D:13     | Killed a centaur warrior
 13593 | D:13     | Noticed a vault guard
 13596 | D:13     | Noticed a vault guard
 13604 | D:13     | Noticed a vault guard
 13605 | D:13     | Killed a vault guard
 13606 | D:13     | Reached skill level 1 in Armour
 13606 | D:13     | Reached skill level 1 in Spellcasting
 13606 | D:13     | Reached skill level 1 in Hexes
 13616 | D:13     | Killed a vault guard
 13617 | D:13     | Reached skill level 10 in Fighting
 13633 | D:13     | Killed a vault guard
 13637 | D:13     | Found a gate to the Vaults.
 13695 | D:13     | Noticed a vault guard
 13709 | D:12     | Killed a vault guard
 13789 | D:13     | Noticed a vault guard
 13797 | D:13     | Killed a vault guard
 13819 | D:13     | Noticed Frances
 14436 | D:12     | Mangled by Frances

Illustrated notes

Levels and vault maps discovered:
D:1:      lemuel_arrival_room, layout_basic
D:2:      minmay_skewed_foursquare, layout_rooms, nicolae_overflow_crystal_walls
D:3:      layout_loops_ring, old_standard_altar,
          lemuel_zombie_altar_kikubaaqudgha, dancing_weapons_uskayaw,
          corexii_item_surrounded_by_moat, minmay_circle_x
D:4:      layout_loops_cross, serial_shops, shop, shop_fountains,
          nicolae_shop_crystal
D:5:      layout_gridville, nemelex_xobeh_ov_fountains_minmay,
          minmay_temple_entry_mist, serial_shops, shop, uniq_edmund
D:6:      layout_layer_cave, fiery_altar_vehumet,
          gammafunk_temple_overflow_statue, serial_shops, shop_statue, shop
D:7:      layout_gridville, basic_altar, chei_slow_surprise, uniq_duvessa
D:8:      wander_guarded_unrand_ratskin, layout_loops_corners,
          lemuel_crystal_altar, lemuel_round_altar, serial_shops,
          nicolae_shop_window_shopping, shop, shop, nicolae_shop_behind_doors,
          kennysheep_mini, lemuel_hellish_altar
D:9:      layout_grid_maze, chequers_temple_overflow_statue_of_worship,
          lemuel_angel_altar
D:10:     layout_basic, st_stairs_3, lightli_corner_chamber
D:11:     layout_grid_maze, erik_lair_island
D:12:     hangedman_cross_stitches, layout_cave_pools, orc_david_3
D:13:     layout_rooms, erik_vaults_2, uniq_frances
Temple:   cyrus_temple_forest

Skill      XL: |  1  2  3  4  5  6  7  8  9 10 11 12 |
---------------+-------------------------------------+-----
Dodging        | 3 4 5 7 8 9 11 | 11.7
Unarmed Combat | 4 5 6 8 10 11 13 | 13.6
Fighting       | 3 4 5 7 8 9 10 | 10.2
Armour         | 2 |  2.3
Spellcasting   | 2 |  2.1
Hexes          | 2 |  2.2
Throwing       | |  1.7

Action                   |  1- 3 |  4- 6 |  7- 9 | 10-12 || total
-------------------------+-------+-------+-------+-------++-------
Melee: Unarmed           |   111 |   203 |   267 |   634 ||  1215
       Punch             |     1 |     4 |     9 |    44 ||    58
Throw: Throwing net      |     3 |     2 |     1 |     1 ||     7
Evoke: Wand              |       |       |     7 |       ||     7
  Use: Scroll            |     5 |     4 |    13 |     9 ||    31
       Potion            |       |       |     2 |     8 ||    10
 Stab: Held in net/web   |       |       |       |     2 ||     2
Armor: Leather armour    |    23 |    84 |    94 |   159 ||   360
Dodge: Dodged            |    61 |   118 |   212 |   623 ||  1014

Table legend: (Time is in decaauts)
 A = Elapsed time spent in this place.
 B = Non-inter-level travel time spent in this place.
 C = Inter-level travel time spent in this place.
 D = Time resting spent in this place.
 E = Time spent auto-exploring this place.
 F = Levels seen in this place.
 G = Mean time per level.
                   A        B        C        D        E       F      G
               +--------+--------+--------+--------+--------+-----+--------+
         Total |  14247 |  13511 |    736 |   2957 |   8112 |  14 | 1017.6 |
       Dungeon |  14166 |  13455 |    711 |   2957 |   8057 |  13 | 1089.7 |
        Temple |     80 |     55 |     25 |      0 |     55 |   1 |   80.0 |
               +--------+--------+--------+--------+--------+-----+--------+

Top non-repeatable levels by time:
    D:11: 2573 daAuts
     D:8: 1824 daAuts
    D:12: 1652 daAuts
     D:7: 1238 daAuts
     D:1: 1096 daAuts
     D:2: 1062 daAuts
     D:5: 926 daAuts
     D:6: 832 daAuts
     D:9: 775 daAuts
     D:3: 746 daAuts
    D:10: 674 daAuts
     D:4: 578 daAuts
    D:13: 183 daAuts
  Temple: 80 daAuts
